 Dungeon Crawl Stone Soup version 0.23-a0-577-g2b1de94 (webtiles) character file.

1285 Amnesiac the Insei (level 8, 49/54 HPs)
             Began as an Octopode Transmuter on Dec 15, 2018.
             Quit the game in the Ecumenical Temple.
             The game lasted 00:09:08 (5683 turns).

Amnesiac the Insei (Octopode Transmuter)            Turns: 5683, Time: 00:09:09

Health: 49/54      AC:  3    Str: 10    XL:     8   Next: 55%
Magic:  13/13      EV: 15    Int: 19    God:
Gold:   237        SH:  2    Dex: 14    Spells: 8/14 levels left

rFire    + + .     SeeInvis .   n - +4 dagger of Naga {drain, *Slow +Rage Int+4}
rCold    . . .     Gourm    .   (no shield)
rNeg     . . .     Faith    .   v - +2 hat
rPois    .         Spirit   .   k - +2 amulet of reflection
rElec    .         Reflect  +   p - ring of resist corrosion
rCorr    +         Harm     .   g - ring of protection from magic
MR       +....                  w - ring of protection from fire
Stlth    ++........             y - ring of protection from fire
HPRegen  0.18/turn              (no ring)
MPRegen  0.13/turn              (no ring)
                                (no ring)
                                (no ring)

@: no status effects
A: almost no armour, stealthy swim, amphibious, 8 rings, constrict 8, camouflage
1, gelatinous body 1
a: Evoke Berserk Rage


You were in the Ecumenical Temple.
You were not hungry.

You visited 2 branches of the dungeon, and saw 8 of its levels.
You also visited: Sewer.

You collected 237 gold pieces.

Inventory:

Hand Weapons
 d - a +2 spear of venom
 n - the +4 dagger of Naga (weapon) {drain, *Slow +Rage Int+4}
   (You found it on level 4 of the Dungeon)

   A truly terrible weapon, it drains the life of those it strikes.
   It affects your intelligence (+4).
   It lets you go berserk.
   It may slow you when you take damage.
Missiles
 a - 99 arrows
Armour
 v - a +2 hat (worn)
 A - a +0 buckler
Jewellery
 g - a ring of protection from magic (right tentacle)
 k - a +2 amulet of reflection (around mantle)
 p - a ring of resist corrosion (left tentacle)
 w - a ring of protection from fire (on tentacle)
 y - a ring of protection from fire (on tentacle)
Wands
 x - a wand of flame (23)
Scrolls
 e - 8 scrolls of identify {!r, unknown}
 h - 4 scrolls of fear {!r, unknown}
 i - 5 scrolls of teleportation {!r, unknown}
 j - a scroll of enchant armour {!r, unknown}
 m - 3 scrolls of magic mapping {!r, unknown}
 q - a scroll of enchant weapon {!r, unknown}
 r - 3 scrolls of remove curse {!r, unknown}
 s - a scroll of noise {!r, unknown}
 u - 3 scrolls of blinking {!r, unknown}
 B - a scroll of amnesia {!r, unknown}
Potions
 b - 2 potions of curing {!q}
 f - a potion of resistance {!q}
 l - a potion of mutation {!q, unknown}
 o - a potion of lignification {!q}
 t - 3 potions of agility {!q, unknown}
 C - a potion of flight {!q, unknown}
Comestibles
 c - 12 rations


   Skills:
 + Level 4.8 Fighting
 + Level 4.8 Dodging
 * Level 6.1 Unarmed Combat
 + Level 3.5 Spellcasting
 + Level 4.7 Transmutations


You had 8 spell levels left.
You knew the following spells:

 Your Spells              Type           Power        Failure   Level  Hunger
a - Beastly Appendage     Tmut           ###...       1%          1    None
b - Sticks to Snakes      Tmut           ###.....     3%          2    ##.....
e - Spider Form           Tmut/Pois      ##........   17%         3    ###....

Your spell library contained the following spells:

 Spells                   Type           Power        Failure   Level  Hunger
 Ice Form                 Ice/Tmut       ##......     50%         4    ####...
 Blade Hands              Tmut           ###.......   50%         5    ######.


Dungeon Overview and Level Annotations

Branches:
Dungeon (7/15)             Temple (1/1) D:7

Altars:
Ashenzari
Cheibriados
Dithmenos
Elyvilon
Fedhas
Hepliaklqana
Makhleb
Okawaru
Qazlal
Ru
Sif Muna
Trog
Uskayaw
Yredelemnul
Zin

Shops:
D:4 %   D:6 *


Innate Abilities, Weirdness & Mutations

You cannot wear most types of armour.
You are very stealthy in the water. (Stealth+)
You are amphibious.
You can wear up to eight rings at the same time.
You can use your tentacles to constrict eight enemies at once.
Your skin changes colour to match your surroundings (Stealth+).
Your rubbery body absorbs attacks. (AC +1, EV +1)


Message History

You see here a bullfrog skeleton. x2
A worker ant comes into view.
The worker ant twitches its antennae in your direction.
A worker ant is nearby!
A worker ant is nearby!
The worker ant waves its antennae.
You hit the worker ant. You drain the worker ant!
The worker ant is moderately wounded.
The worker ant misses you.
You hit the worker ant but do no damage.
The worker ant is moderately wounded.
The worker ant misses you.
You hit the worker ant. You grab the worker ant.
You tentacle-slap the worker ant.
The worker ant is severely wounded.
You constrict the worker ant. You block the worker ant's attack.
You hit the worker ant but do no damage.
You squeeze the worker ant, but do no damage.
The worker ant is severely wounded.
You constrict the worker ant. The worker ant bites you.
You hit the worker ant.
You kill the worker ant!
You butcher the worker ant corpse.
z - 2 chunks of flesh (gained 1)
Found a stone staircase leading down.
There is an escape hatch in the ceiling here.
Key pressed, stopping explore.
Found a stone staircase leading up.
r - 3 scrolls labeled LUPNAR TUCVU {!r} (gained 1) Done exploring.
Done exploring.
Done exploring.
Done exploring.
Some of the chunks of flesh in your inventory have rotted away.
Eating a chunk of flesh.
You eat the chunk of flesh.
This raw flesh tastes terrible.
There is a stone staircase leading down here.
You climb downwards.
You hear the hiss of flowing sand.
There is an entrance to an ossuary on this level.
Hurry and find it before the An iguana and a jackal come into view.
Found 9 gold pieces and 19 stones.
There is a stone staircase leading up here.
The iguana barely misses you. The iguana barely misses you.
You see here 19 stones.
Found a staircase to the Ecumenical Temple.
There is a staircase to the Ecumenical Temple here.
The iguana closely misses you.
You climb downwards.
Welcome to the Ecumenical Temple!
Found a hide-covered altar of Uskayaw and a glowing silver altar of Zin.
There is a staircase back to the Dungeon here.
Found a stormy altar of Qazlal.
Found a snail-covered altar of Cheibriados.
The iguana hisses menacingly.
Found a deep blue altar of Sif Muna.
Found a sacrificial altar of Ru.
The iguana bites you. The iguana barely misses you.
Found a burning altar of Makhleb.
Found a white marble altar of Elyvilon.
The iguana bites you.
Found an iron altar of Okawaru.
Are you sure you want to abandon this character and quit the game? (Confirm

≈§≈≈≈
≈≈≈§§§≈≈§≈§≈≈≈§≈≈≈≈≈≈≈≈≈
.......§..§.§...........
.......§................
............._..........
........................
........................
≈.......................
≈§...._@l...............
≈≈≈.....................
§≈≈≈....................
§≈§≈§...................
≈§≈§≈≈...._........._...
≈§≈≈§≈≈.................
≈§§§§≈≈≈................
§§≈§§§≈≈...............
._.........


You could see an iguana.

Vanquished Creatures
  Prince Ribbit (D:6)
  A phantom (D:5)
  Purgy (Sewer)
  An ogre (D:4)
  A centaur (D:5)
  A bullfrog (D:6)
  A scorpion (D:6)
  5 killer bees (D:5)
  A howler monkey (D:5)
  4 hounds
  A centaur skeleton (D:4)
  3 iguanas
  A worker ant (D:6)
  A hound skeleton (D:5)
  5 adders
  An adder skeleton (D:5)
  An adder zombie (D:5)
  3 worms
  2 dart slugs
  A leopard gecko (D:1)
  5 orcs
  7 giant cockroaches
  3 goblins
  6 hobgoblins
  2 jackals (D:2)
  8 kobolds
  2 quokkas
  4 ball pythons
  8 bats
  3 frilled lizards
  A leopard gecko skeleton (D:4)
  A leopard gecko zombie (D:5)
  3 quokka skeletons
  2 rats
91 creatures vanquished.

Notes
Turn   | Place    | Note
-------+----------+-------------------------------------------
     0 | D:1      | Amnesiac the Octopode Transmuter began the quest for the
                  | Orb.
     0 | D:1      | Reached XP level 1. HP: 13/13 MP: 3/3
   229 | D:1      | Reached XP level 2. HP: 2/18 MP: 5/5
   242 | D:1      | Learned a level 2 spell: Sticks to Snakes
   861 | D:1      | Reached XP level 3. HP: 20/23 MP: 6/6
  1266 | D:2      | Reached skill level 4 in Unarmed Combat
  1651 | D:2      | Reached XP level 4. HP: 25/29 MP: 7/7
  1673 | D:2      | Learned a level 3 spell: Spider Form
  1866 | D:4      | Found Geschisu's Food Shop.
  1948 | D:4      | Got a polished dagger
  1952 | D:4      | Identified the +4 dagger of Naga {drain, *Slow +Rage Int+4}
                  | (You found it on level 4 of the Dungeon)
  1979 | D:4      | Reached XP level 5. HP: 24/36 MP: 8/8
  2017 | D:4      | Noticed an ogre
  2462 | D:4      | Killed an ogre
  2462 | D:4      | Reached XP level 6. HP: 6/42 MP: 0/9
  3051 | D:5      | Entered Level 5 of the Dungeon
  3096 | D:5      | Found a hazy altar of Hepliaklqana.
  3163 | D:5      | Found a bloodstained altar of Trog.
  3236 | D:5      | Reached XP level 7. HP: 16/47 MP: 6/10
  4023 | D:5      | Reached skill level 5 in Unarmed Combat
  4624 | D:5      | Reached XP level 8. HP: 54/54 MP: 12/12
  4711 | D:6      | Found a shattered altar of Ashenzari.
  4711 | D:6      | Found a basalt altar of Yredelemnul.
  4712 | D:6      | Found a shadowy altar of Dithmenos.
  4724 | D:6      | Found a blossoming altar of Fedhas.
  4764 | D:6      | Found a glowing drain.
  4789 | D:6      | Noticed Prince Ribbit
  4810 | D:6      | Killed Prince Ribbit
  4923 | D:6      | Found Kappij's Assorted Antiques.
  5082 | Sewer    | Entered a sewer
  5175 | Sewer    | Noticed Purgy
  5186 | Sewer    | Killed Purgy
  5186 | Sewer    | Reached skill level 6 in Unarmed Combat
  5645 | D:7      | Found a staircase to the Ecumenical Temple.
  5649 | Temple   | Entered the Ecumenical Temple
  5683 | Temple   | Quit the game

Vault maps used:
D:1:      lightli_molten_gateway
D:2:      grunt_decor_fettered, minmay_misc_feat_plants
D:3:      first_ration
D:4:      serial_shops, nicolae_shop_crystal, serial_bayou_lake_a
D:5:      lemuel_crystal_altar, lightli_temple_of_fire
D:6:      nicolae_overflow_quartered_altars, serial_shops, shop,
          cheibrodos_sewer_entry_drain, uniq_prince_ribbit1
D:7:      grunt_temple_overflow_opulence, vehumet_altar_wand_db,
          minmay_temple_entry_grid, enter_ossuary_4, eino_jars
Temple:   compressed_dpeg_triangle_lava_temple
Sewer:    kennysheep_door_sewer

Skill      XL: |  1  2  3  4  5  6  7  8 |
---------------+-------------------------+-----
Unarmed Combat | 4 5 6 |  6.1
Fighting       | 2 3 4 |  4.8
Dodging        | 3 4 |  4.8
Transmutations | 3 4 |  4.7
Spellcasting   | 3 |  3.5

Action                   |  1- 3 |  4- 6 |  7- 9 || total
-------------------------+-------+-------+-------++-------
Melee: Unarmed           |    53 |    11 |    45 ||   109
       Constrict         |    21 |    11 |    14 ||    46
       Tentacles         |    13 |     5 |    14 ||    32
       Spear             |    42 |    20 |       ||    62
       Dagger            |       |    49 |    61 ||   110
       Punch             |       |     1 |     1 ||     2
 Cast: Spider Form       |       |     2 |     8 ||    10
  Use: Potion            |     1 |       |     4 ||     5
 Stab: Sleeping          |     3 |     3 |     7 ||    13
       Distracted        |     1 |     1 |       ||     2
  Eat: Chunk             |     2 |     6 |     9 ||    17
Armor: Skin              |    14 |     3 |     7 ||    24
Dodge: Dodged            |    63 |    41 |    86 ||   190
Block: Other             |       |     3 |     9 ||    12

Table legend:
 A = Non-vault XP
 B = Vault XP
 C = Vault XP percentage of total XP
 D = Non-vault monster count
 E = Vault monster count
 F = Vault count percentage of total count
                 A         B        C        D         E       F
            +---------+---------+-------+---------+---------+-------
      Total |    1433 |     404 |  22.0 |      82 |       9 |   9.9
            +---------+---------+-------+---------+---------+-------
        D:1 |      42 |       0 |   0.0 |      22 |       0 |   0.0
        D:2 |      40 |       0 |   0.0 |      14 |       0 |   0.0
        D:3 |       7 |       0 |   0.0 |       4 |       0 |   0.0
        D:4 |     343 |       0 |   0.0 |      14 |       0 |   0.0
        D:5 |     768 |       0 |   0.0 |      20 |       0 |   0.0
        D:6 |     233 |     267 |  53.4 |       8 |       3 |  27.3
      Sewer |       0 |     137 | 100.0 |       0 |       6 | 100.0
            +---------+---------+-------+---------+---------+-------
